 Dungeon Crawl Stone Soup version 0.19.4 (webtiles) character file.

1764 sveltemanboy the Carver (level 8, -7/50 HPs)
             Began as a High Elf Skald on Feb 1, 2017.
             Mangled by Megalobster's ghost (18 damage)
             ... on level 6 of the Dungeon on Feb 3, 2017.
             The game lasted 00:21:51 (6879 turns).

sveltemanboy the Carver (High Elf Skald)            Turns: 6879, Time: 00:21:51

Health: -7/50      AC: 10    Str:  9 (11) XL:     8   Next: 79%
Magic:  0/13       EV: 12    Int: 18      God:
Gold:   358        SH:  0    Dex: 15      Spells: 4 memorised, 5 levels left

rFire  . . .     SeeInvis .     a - +0 falchion
rCold  + . .     Gourm    .     t - +3 leather armour
rNeg   . . .     Faith    .     (no shield)
rPois  .         Spirit   .     q - +0 helmet
rElec  .         Reflect  .     l - +0 cloak
rCorr  .         Harm     .     h - +2 pair of gloves
MR     +....                    (no boots)
Stlth  +.........               (no amulet)
                                o - ring of protection from magic
                                f - ring of flight

@: infused (expiring), very slightly contaminated, hasted, very quick
A: hooves 2, cold resistance 1, deformed body, deterioration 1, evolution 1
a: Evoke Flight


You were on level 6 of the Dungeon.
You were hungry.

You visited 1 branch of the dungeon, and saw 6 of its levels.

You collected 358 gold pieces.

Inventory:

Hand Weapons
 a - a +0 falchion (weapon)
Armour
 h - a +2 pair of gloves (worn)
 l - a +0 cloak (worn)
 q - a +0 helmet (worn)
 t - a +3 leather armour (worn)
Jewellery
 f - a ring of flight (left hand)
 o - a ring of protection from magic (right hand)
Scrolls
 b - a scroll of random uselessness
 j - 2 scrolls of teleportation
 k - 2 scrolls of noise {unknown}
 m - 4 scrolls of remove curse {unknown}
 n - 10 scrolls of identify {unknown}
 r - a scroll of summoning {unknown}
Books
 c - a book of Battle

   Spells                             Type                      Level
   a - Infusion                       Charms                       1
   b - Shroud of Golubria             Charms/Translocation         2
   c - Song of Slaying                Charms                       2
   d - Spectral Weapon                Hexes/Charms                 3
   e - Regeneration                   Charms/Necromancy            3
Comestibles
 d - 7 bread rations
 g - a chunk of flesh
 i - a fruit
 p - 3 meat rations


   Skills:
 - Level 2.0 Fighting
 * Level 10.7 Long Blades
 - Level 2.0 Armour
 - Level 2.0 Dodging
 + Level 3.1 Spellcasting
 + Level 2.6 Hexes
 - Level 7.1 Charms
 - Level 2.0 Translocations


You had 5 spell levels left.
You knew the following spells:

 Your Spells              Type           Power        Failure   Level  Hunger
a - Infusion              Chrm           ####         1%          1    None
b - Song of Slaying       Chrm           ####....     1%          2    ##.....
c - Shroud of Golubria    Chrm/Tloc      ###.......   8%          2    ##.....
d - Spectral Weapon       Hex/Chrm       ###.....     12%         3    ###....


Dungeon Overview and Level Annotations

Branches:
Dungeon (6/15)
 Temple: D:4-7

Altars:
Makhleb
Sif Muna

Annotations:
D:6 Megalobster's ghost, novice MiBe


Innate Abilities, Weirdness & Mutations

You have hoof-like feet.
Your flesh is cold resistant. (rC+)
Armour fits poorly on your strangely shaped body.
Your body sometimes deteriorates upon taking damage.
You evolve.


Message History

Your spectral weapon hits Megalobster's ghost.
You barely miss Megalobster's ghost.
You kick Megalobster's ghost, but do no damage.
Megalobster's ghost is almost destroyed.
Your spectral weapon barely misses Megalobster's ghost.
Megalobster's ghost hits you!
* * * LOW HITPOINT WARNING * * *
Your shroud falls apart!
You hit Megalobster's ghost!
Megalobster's ghost is almost destroyed.
You are feeling hungry.
Your spectral weapon hits Megalobster's ghost.
Megalobster's ghost hits your spectral weapon!!
Your spectral weapon shares its damage with you!
Your spectral weapon fades away.
* * * LOW HITPOINT WARNING * * *
Megalobster's ghost turns its malevolent gaze towards you.
It was a potion of haste.
You feel yourself speed up. Megalobster's ghost hits you!!
You die...

.......###.#######
#.###............#
#.####.###.#####.#
...###........##.#
#..............#.####.
(.(#######............
..## #>....#.#### #(#
#.....#.#### .(#
#......@...# ###
###.###W##.# # #.# #.#
# #.# #.# # #. #.# #
#. #.# # .. ..# # ##.


You could see Megalobster's ghost.

Vanquished Creatures
  Sigmund (D:3)
  Edmund (D:5)
  A black bear (D:6)
  2 phantoms
  2 ogres
  3 centaurs
  The ghost of bosm the Sneak, an amateur VSEn (D:3)
  A scorpion (D:5)
  A howler monkey (D:5)
  3 crimson imps
  2 orc priests
  2 hounds
  2 bullfrog skeletons
  Terence (D:3)
  Jessica (D:3)
  3 worker ants
  An iguana (D:6)
  A hound skeleton (D:5)
  15 adders
  2 oozes
  An adder zombie (D:5)
  A worm (D:3)
  2 dart slugs
  5 leopard geckos
  10 orcs
  9 giant cockroaches
  3 goblins
  3 hobgoblins
  3 jackals (D:1)
  4 quokkas
  2 ball pythons
  5 bats
  6 frilled lizards
  A jackal zombie (D:5)
  11 kobolds
  9 rats
121 creatures vanquished.

Vanquished Creatures (others)
  A plant (D:4)
  2 spectral weapons (D:6)
3 creatures vanquished.

Grand Total: 124 creatures vanquished

Notes
Turn   | Place    | Note
-------+----------+-------------------------------------------
     0 | D:1      | sveltemanboy the High Elf Skald began the quest for the Orb.
     0 | D:1      | Reached XP level 1. HP: 14/14 MP: 4/4
    91 | D:1      | Reached skill level 1 in Armour
   144 | D:1      | Reached XP level 2. HP: 18/19 MP: 6/6
   226 | D:1      | Reached skill level 3 in Long Blades
   414 | D:1      | Learned a level 2 spell: Song of Slaying
   417 | D:1      | Learned a level 2 spell: Shroud of Golubria
   883 | D:2      | Reached XP level 3. HP: 24/24 MP: 7/7
  1278 | D:2      | Reached skill level 4 in Long Blades
  1533 | D:2      | Reached XP level 4. HP: 29/29 MP: 5/8
  1757 | D:3      | Noticed bosm's ghost (amateur VSEn)
  1769 | D:3      | Gained mutation: You have large cloven feet. [potion of mutation]
  1769 | D:3      | Gained mutation: Your body sometimes deteriorates upon taking damage. [potion of mutation]
  1769 | D:3      | Gained mutation: You evolve. [potion of mutation]
  1772 | D:3      | Killed bosm's ghost
  1772 | D:3      | Reached skill level 5 in Long Blades
  1772 | D:3      | Reached XP level 5. HP: 26/34 MP: 1/9
  2077 | D:3      | Learned a level 3 spell: Spectral Weapon
  2081 | D:3      | Noticed a phantom
  2112 | D:3      | Killed a phantom
  2112 | D:3      | Reached skill level 6 in Long Blades
  2283 | D:3      | Noticed Jessica
  2296 | D:3      | Killed Jessica
  2296 | D:3      | Reached XP level 6. HP: 39/39 MP: 2/10
  2299 | D:3      | Gained mutation: Your flesh is cold resistant. (rC+) [evolution]
  2374 | D:3      | Noticed Terence
  2388 | D:3      | Killed Terence
  2639 | D:3      | Noticed Sigmund
  3308 | D:3      | Killed Sigmund
  3308 | D:3      | Reached skill level 7 in Long Blades
  3308 | D:3      | Reached skill level 5 in Charms
  3528 | D:4      | Gained mutation: Armour fits poorly on your strangely shaped body. [evolution]
  3777 | D:4      | Reached XP level 7. HP: 39/45 MP: 6/11
  3881 | D:4      | Reached skill level 1 in Hexes
  4053 | D:4      | Reached skill level 8 in Long Blades
  4421 | D:4      | Found a burning altar of Makhleb.
  4519 | D:4      | You fall through a shaft!
  4519 | D:5      | Entered Level 5 of the Dungeon
  4947 | D:5      | Reached skill level 9 in Long Blades
  5068 | D:5      | HP: 1/45 [centaur/shortbow (6)]
  5115 | D:5      | Reached XP level 8. HP: 6/50 MP: 4/12
  5382 | D:5      | Noticed a hornet
  5544 | D:5      | Found a deep blue altar of Sif Muna.
  5842 | D:5      | Noticed Edmund
  5862 | D:5      | Killed Edmund
  5988 | D:5      | Gained mutation: You have hoof-like feet. [evolution]
  6095 | D:6      | Reached skill level 10 in Long Blades
  6095 | D:6      | Reached skill level 1 in Translocations
  6514 | D:6      | Noticed Megalobster's ghost (novice MiBe)
  6879 | D:6      | Mangled by Megalobster's ghost

Skill      XL: |  1  2  3  4  5  6  7  8 |
---------------+-------------------------+-----
Armour         | 1 2 |  2.0
Long Blades    | 3 4 5 6 7 9 10 | 10.7
Charms         | 4 5 6 7 |  7.1
Dodging        | 2 |  2.0
Hexes          | 2 |  2.6
Translocations | 2 |  2.0
Spellcasting   | 3 |  3.1
Fighting       | |  2.0

Action                   |  1- 3 |  4- 6 |  7- 9 || total
-------------------------+-------+-------+-------++-------
Melee: Falchion          |   108 |   191 |   376 ||   675
       Kick              |       |    43 |   101 ||   144
 Cast: Shroud of Golubri |     3 |    14 |    29 ||    46
       Infusion          |     1 |     4 |     8 ||    13
       Spectral Weapon   |       |     5 |    14 ||    19
       Song of Slaying   |       |       |     2 ||     2
  Use: Potion            |       |     4 |     1 ||     5
       Scroll            |       |     3 |       ||     3
 Stab: Sleeping          |     2 |     1 |       ||     3
       Distracted        |       |     1 |     1 ||     2
  Eat: Chunk             |     2 |     9 |     9 ||    20
       Fruit             |       |       |     5 ||     5
       Beef jerky        |       |       |     1 ||     1
Armor: Leather armour    |    41 |    22 |     4 ||    67
       Robe              |       |    28 |   104 ||   132
Dodge: Dodged            |    70 |   103 |   187 ||   360
       Rpst.: Falchion   |    32 |    29 |    52 ||   113
